 Dungeon Crawl Stone Soup version 0.31-a0-237-g2d982f9f85 (webtiles) character file.

Game seed: 541709313331760080

77 qw the Shooter (level 4, -4/36 HPs)
             Began as a Minotaur Hexslinger on July 11, 2023.
             Slain by a gnoll
             ... wielding a +0 spear
              (5 damage)
             ... on level 2 of the Dungeon.
             The game lasted 00:00:28 (846 turns).

qw the Shooter (Minotaur Hexslinger)                 Turns: 846, Time: 00:00:28

Health: -4/36      AC:  5    Str: 13    XL:     4   Next: 14%
Magic:  4/4        EV: 11    Int: 10    God:
Gold:   87         SH:  0    Dex: 14    Spells: 4/5 levels left

rFire   . . .        Y - +1 sling
rCold   . . .        (no shield)
rNeg    + . .        g - +0 ring mail
rPois   .            (helmet restricted)
rElec   .            (no cloak)
rCorr   .            (no gloves)
SInv    .            (no boots)
Will    .....        (no amulet)
Stlth   +            f - ring of positive energy
HPRegen 0.26/turn    (no ring)
MPRegen 0.09/turn

%: no passive effects
@: no status effects
A: horns 2, retaliatory headbutt
a: no special abilities


You were on level 2 of the Dungeon.
You visited 1 branch of the dungeon, and saw 2 of its levels.

You collected 87 gold pieces.


Innate Abilities, Weirdness & Mutations

You have a pair of horns on your head.
You reflexively headbutt those who attack you in melee.


   Skills:
 - Level 2.0 Fighting
 + Level 4.4 Ranged Weapons
 - Level 1.1 Armour
 - Level 2.1 Dodging
 - Level 1.0 Spellcasting
 - Level 2.0 Hexes


You had 4 spell levels left.
You knew the following spells:

 Your Spells              Type           Power      Damage    Failure   Level
a - Slow                  Hex            16%        N/A       32%         1

Your spell library contained the following spells:

 Spells                   Type           Power      Damage    Failure   Level
 Inner Flame              Hex/Fire       2%         N/A       82%         3
 Portal Projectile        Hex/Tloc       4%         N/A       82%         3
 Cause Fear               Hex            2%         N/A       97%         4

Inventory:

Hand Weapons
 Y - a +1 sling (weapon)
Armour
 g - a +0 ring mail (worn)
Jewellery
 b - a +6 ring of strength
 c - a ring of fire
 f - a ring of positive energy (left hand)
Scrolls
 a - 2 scrolls of identify
 d - a scroll of immolation {unknown}
 e - a scroll of blinking {unknown}
 h - a scroll of teleportation {unknown}

Dungeon Overview and Level Annotations

Branches:
Dungeon (2/15)

Altars:

Shops:
D:1 !

Annotations:
D:2 Jessica


Message History

The sling bullet closely misses the gnoll.
The sling bullet hits the gnoll.
The gnoll is moderately wounded.
The gnoll barely misses you. You furiously retaliate!
You headbutt the gnoll!
You kill the gnoll!
The gnoll closely misses you. The gnoll misses you.
The gnoll hits you but does no damage.
You shoot a sling bullet. The sling bullet hits the gnoll.
The gnoll is heavily wounded.
The gnoll hits you with a +0 whip! The gnoll barely misses you.
You shoot a sling bullet.
The sling bullet barely misses the gnoll.
The sling bullet hits the endoplasm!
You kill the endoplasm!
The gnoll hits you but does no damage. x2
You shoot a sling bullet.
The sling bullet barely misses the gnoll.
The sling bullet barely misses Jessica.
The gnoll hits you with a +0 whip! The gnoll barely misses you.
The gnoll hits you but does no damage. x2
Jessica mumbles some strange words.
Jessica blinks!
You shoot a sling bullet.
The sling bullet closely misses the gnoll.
The gnoll barely misses you. The gnoll closely misses you.
You shoot a sling bullet. The sling bullet hits the gnoll.
The gnoll is heavily wounded.
The gnoll closely misses you. x2
You shoot a sling bullet. The sling bullet hits the gnoll.
The gnoll is severely wounded.
The gnoll barely misses you. You furiously retaliate!
You headbutt the gnoll.
You kill the gnoll!
The gnoll closely misses you.
You have reached level 4!
You feel stronger.
You shoot a sling bullet. The sling bullet hits Jessica.
Jessica is moderately wounded.
Jessica gestures at you while chanting. Pain shoots through your body!
The gnoll misses you.
The gnoll hits you from afar with a +0 spear.
You die...

#.##.## #.# # #.#
#.####### #.#
#.......# #+#
#..####.# ... ##..#
.... ##...####
..... #.......#
......####...##.#
......@@.........)
.....g####>..##.###
..... ##.## # ....
### ... #+


You could see a gnoll and Jessica.

Vanquished Creatures
  2 gnolls (D:2)
  An adder (D:2)
  A worm (D:2)
  3 dart slugs
  A ball python (D:2)
  4 endoplasms
  2 giant cockroaches
  3 goblins
  5 hobgoblins
  A jackal (D:2)
  A quokka (D:1)
  A bat (D:2)
  5 frilled lizards (D:1)
  5 kobolds
  4 rats
39 creatures vanquished.

Notes
Turn   | Place    | Note
-------+----------+-------------------------------------------
     0 | D:1      | qw the Minotaur Hexslinger began the quest for the Orb.
     0 | D:1      | Reached XP level 1. HP: 16/16 MP: 1/1
     0 | D:1      | 0 ||| qw: Version: 0.3-a-52-g30416fa
     0 | D:1      | 0 ||| qw: Game counter: 5421
     0 | D:1      | 0 ||| qw: Melee chars always use a shield: true
     0 | D:1      | 0 ||| qw: God list: Okawaru
     0 | D:1      | 0 ||| qw: Allow faded altars: false
     0 | D:1      | 0 ||| qw: Do Orc after clearing Dungeon:15 true
     0 | D:1      | 0 ||| qw: Do second Lair branch before Depths: true
     0 | D:1      | 0 ||| qw: Lair rune preference: random
     0 | D:1      | 0 ||| qw: Goals: Normal
     0 | D:1      | 0 ||| PLANNING D:1-11
    54 | D:1      | Reached skill level 3 in Ranged Weapons
    59 | D:1      | Found Xatil's Distillery.
    68 | D:1      | 68 ||| SHOPLISTING potion of cancellation (88 gold, have
                  | 13).
    68 | D:1      | 68 ||| SHOPLISTING potion of curing (33 gold, have 13).
    68 | D:1      | 68 ||| SHOPLISTING potion of enlightenment (55 gold, have
                  | 13).
    68 | D:1      | 68 ||| SHOPLISTING potion of might (44 gold, have 13).
    68 | D:1      | 68 ||| SHOPLISTING potion of resistance (110 gold, have
                  | 13).
    73 | D:1      | Reached XP level 2. HP: 22/23 MP: 2/2
   388 | D:1      | 388 ||| UPGRADING to +0 ring mail.
   398 | D:1      | 398 ||| DROPPING +0 robe.
   399 | D:1      | 399 ||| UPGRADING to ring of positive energy.
   400 | D:1      | 400 ||| READING 4 scrolls labelled ZOLOVV GEHIPH.
   401 | D:1      | 401 ||| READING 3 scrolls of identify.
   401 | D:1      | 401 ||| IDENTIFYING murky black potion
   402 | D:1      | 402 ||| DROPPING scroll of poison.
   403 | D:1      | 403 ||| DROPPING potion of ambrosia.
   445 | D:2      | 445 ||| STAIRDANCE
   527 | D:2      | Reached XP level 3. HP: 21/29 MP: 3/3
   796 | D:2      | Reached skill level 4 in Ranged Weapons
   803 | D:2      | Reached skill level 1 in Armour
   832 | D:2      | Noticed Jessica
   842 | D:2      | HP: 3/29 [gnoll/+0 whip (9)]
   846 | D:2      | Reached XP level 4. HP: 5/36 MP: 4/4
   846 | D:2      | HP: 1/36 [Jessica/nerve-wracking pain (4)]
   846 | D:2      | Slain by a gnoll

Levels and vault maps discovered:
D:1:      tarquinn_simple_flora_water_b, layout_rooms, serial_shops, shop,
          minmay_misc_feat_four_crosses
D:2:      layout_loops_corners, minmay_pentomino_s4, uniq_jessica

Skill      XL: |  1  2  3 |
---------------+----------+-----
Ranged Weapons | 3 4 |  4.4
Fighting       | 2 |  2.0
Armour         | 1 |  1.1
Dodging        | |  2.1
Spellcasting   | |  1.0
Hexes          | |  2.0

Action                     |  1- 3 |  4- 6 || total
---------------------------+-------+-------++-------
   Fire: Sling             |   119 |     1 ||   120
    Use: Scroll            |     2 |       ||     2
 Armour: Ring mail         |    30 |       ||    30
  Dodge: Dodged            |    57 |     1 ||    58

Table legend:
 A = Non-vault XP
 B = Vault XP
 C = Vault XP percentage of total XP
 D = Non-vault monster count
 E = Vault monster count
 F = Vault count percentage of total count
                 A         B        C        D         E       F
            +---------+---------+-------+---------+---------+-------
      Total |     103 |       8 |   7.2 |      35 |       4 |  10.3
            +---------+---------+-------+---------+---------+-------
        D:1 |      32 |       0 |   0.0 |      19 |       0 |   0.0
        D:2 |      71 |       8 |  10.1 |      16 |       4 |  20.0
            +---------+---------+-------+---------+---------+-------
